 Dungeon Crawl Stone Soup version 0.26-a0-658-gbdda728c12 (webtiles) character file.

Game seed: 7269846787648386363

4526 Murumi the Blocker (level 10, -5/105 HPs)
             Began as an Ogre Conjurer on Oct 5, 2020.
             Was a Priest of Okawaru.
             Slain by a red ugly thing (21 damage)
             ... on level 10 of the Dungeon.
             The game lasted 00:52:33 (13759 turns).

Murumi the Blocker (Ogre Conjurer)                 Turns: 13759, Time: 00:52:34

Health: -5/105     AC:  6    Str: 16    XL:     10   Next: 39%
Magic:  6/14       EV: 10    Int: 25    God:    Okawaru [***...]
Gold:   832        SH: 17    Dex:  7    Spells: 12/15 levels left

rFire    . . .     SeeInvis .   F - +1 whip (elec)
rCold    . . .     Faith    .   C - +2 kite shield
rNeg     + . .     Spirit   .   q - +2 robe {rN+}
rPois    .         Reflect  +   (helmet restricted)
rElec    .         Harm     .   H - +0 cloak
rCorr    .         Rampage  .   (gloves unavailable)
MR       +....                  (boots unavailable)
Stlth    ++........             J - amulet of reflection
HPRegen  0.27/turn              d - +6 ring of intelligence
MPRegen  0.14/turn              A - ring of wizardry

@: no status effects
A: large, unfitting armour, tough skin 1
a: Heroism, Renounce Religion


You were on level 10 of the Dungeon.
You worshipped Okawaru.
Okawaru was most pleased with you.
You visited 2 branches of the dungeon, and saw 11 of its levels.
You also visited: Ossuary.

You collected 832 gold pieces.

Inventory:

Hand Weapons
 m - a +1 flail of draining
 p - a +0 giant spiked club
 F - a +1 whip of electrocution (weapon)
Missiles
 f - 297 stones
 l - 37 poisoned darts (quivered)
 u - a throwing net
 G - 4 boomerangs
Armour
 q - a +2 robe of positive energy (worn)
 C - a +2 kite shield (worn)
 H - a +0 cloak (worn)
Jewellery
 d - a +6 ring of intelligence (left hand)
 x - a +6 ring of intelligence
 A - a ring of wizardry (right hand)
 J - an amulet of reflection (around neck)
Wands
 B - a wand of digging (4)
 D - a wand of flame (17)
 E - a wand of polymorph (18)
Scrolls
 c - a scroll of fear
 e - 12 scrolls of teleportation
 i - 5 scrolls of remove curse
 n - a scroll of amnesia
 o - 4 scrolls of blinking
 s - a scroll of identify
 y - a scroll of magic mapping
Potions
 a - 2 potions of lignification
 b - a potion of ambrosia
 g - 3 potions of magic
 h - 4 potions of heal wounds
 j - 2 potions of berserk rage
 k - 10 potions of curing
 r - 3 potions of might
 t - a potion of mutation
 v - a potion of brilliance
 z - a potion of resistance
 I - 2 potions of haste


   Skills:
 + Level 8.3 Fighting
 - Level 4.0 Maces & Flails
 - Level 5.0 Throwing
 - Level 4.0 Dodging
 - Level 2.0 Stealth
 - Level 9.0 Shields
 - Level 3.0 Spellcasting
 - Level 4.0 Conjurations
 - Level 3.0 Invocations
 - Level 1.0 Evocations


You had 12 spell levels left.
You knew the following spells:

 Your Spells              Type           Power        Failure   Level
a - Magic Dart            Conj           ###.         1%          1
b - Searing Ray           Conj           ###...       1%          2

Your spell library contained the following spells:

 Spells                   Type           Power        Failure   Level
 Beastly Appendage        Tmut           #.....       4%          1
 Conjure Flame            Conj/Fire      ##......     5%          3
 Dazzling Flash           Conj/Hex       ##....       5%          3
 Blink                    Tloc           N/A          6%          2
 Call Imp                 Summ           #.......     6%          2
 Slow                     Hex            #.......     6%          2
 Wereblood                Tmut           #.......     6%          2
 Mephitic Cloud           Conj/Pois/Air  ##......     8%          3
 Spider Form              Tmut/Pois      #.........   12%         3
 Fulminant Prism          Conj/Hex       ##........   17%         4
 Iskenderun's Mystic Bla  Conj/Tloc      ##......     17%         4
 Ice Form                 Ice/Tmut       #.......     36%         4
 Blade Hands              Tmut           #.........   69%         5


Dungeon Overview and Level Annotations

Branches:
Dungeon (10/15)            Temple (1/1) D:5             Orc (0/2) D:9
Ossuary (visited)
   Lair: D:8-11

Altars:
Ashenzari
Cheibriados
Dithmenos
Elyvilon
Fedhas
Gozag
Hepliaklqana
Kikubaaqudgha
Makhleb
Nemelex Xobeh
Okawaru
Qazlal
Ru
Sif Muna
Trog
Uskayaw
Vehumet
Wu Jian
Xom
Yredelemnul
Zin
The Shining One

Shops:
D:5 :


Innate Abilities, Weirdness & Mutations

You are too large for most types of armour.
You have tough skin. (AC +1)


Message History

You finish channeling your searing ray.
You block the red ugly thing's attack.
Casting: Searing Ray (safe; 1% risk of failure)
Confirm with . or Enter, or press ? or * to list all spells.
Aiming: Searing Ray (safe; 1% risk of failure)
Press: ? - help, Shift-Dir - straight line, f/p - red ugly thing
Aim: a red ugly thing (severely wounded, very poisoned)
The searing ray hits the red ugly thing but does no damage.
The red ugly thing is severely wounded. (Press . to maintain the ray.)
The red ugly thing claws you!
You are engulfed in flames!!
* * * LOW HITPOINT WARNING * * *
The searing ray hits the red ugly thing.
The red ugly thing is severely wounded.
You block the red ugly thing's attack.
The searing ray hits the red ugly thing.
The red ugly thing is severely wounded.
The red ugly thing claws you!
* * * LOW HITPOINT WARNING * * *
You are engulfed in flames!!
You die...

.........#...#.#
.......#...#
..#..>.#(..#
###....#...#
#(..# #...#
#.#.# #u#.#
#@#.# #.#.. #.#
. #.# ..# .## .
#.


You could see a red ugly thing (very poisoned).

Vanquished Creatures
  Pikel (D:7)
  A hornet zombie (D:6)
  A sky beast (D:7)
  8 orc warriors
  2 centaurs
  5 ogres
  A lemure (D:7)
  2 big kobolds
  3 bullfrogs
  A water moccasin zombie (D:5)
  4 scorpions
  A howler monkey (D:4)
  A bullfrog zombie (D:8)
  7 hounds
  A jelly (D:7)
  A bullfrog skeleton (D:9)
  7 orc priests
  3 centaur skeletons
  3 iguanas
  7 worker ants
  11 orc wizards
  A big kobold zombie (Ossuary)
  A hound zombie (D:7)
  A hound skeleton (D:9)
  8 mummies (Ossuary)
  A worker ant zombie (D:6)
  4 gnolls (D:5)
  15 adders
  2 shadow imps
  4 white imps
  2 adder skeletons (D:4)
  2 worms
  2 dart slugs (D:2)
  12 leopard geckos
  29 orcs
  6 giant cockroaches
  A gnoll zombie (Ossuary)
  17 goblins
  11 hobgoblins
  4 jackals (D:3)
  2 quokkas
  A ball python (D:3)
  11 bats
  6 frilled lizards
  A hobgoblin zombie (Ossuary)
  20 kobolds
  2 kobold zombies (Ossuary)
  A leopard gecko skeleton (D:5)
  3 orc zombies (Ossuary)
  2 quokka skeletons
  A quokka zombie (D:5)
  8 rats
252 creatures vanquished.

Notes
Turn   | Place    | Note
-------+----------+-------------------------------------------
     0 | D:1      | Murumi the Ogre Conjurer began the quest for the Orb.
     0 | D:1      | Reached XP level 1. HP: 16/16 MP: 3/3
   286 | D:1      | Reached XP level 2. HP: 24/24 MP: 3/5
   315 | D:1      | Learned a level 2 spell: Searing Ray
   901 | D:1      | Reached XP level 3. HP: 31/31 MP: 4/7
  1414 | D:2      | Reached skill level 1 in Fighting
  1526 | D:2      | Reached skill level 1 in Throwing
  1606 | D:2      | Reached XP level 4. HP: 7/42 MP: 1/8
  1953 | D:2      | Reached skill level 1 in Maces & Flails
  2262 | D:2      | Found a shimmering blue altar of Sif Muna.
  2266 | D:2      | Found a hide-covered altar of Uskayaw.
  2268 | D:2      | Found a glowing golden altar of the Shining One.
  2270 | D:2      | Found an ornate altar of the Wu Jian Council.
  2270 | D:2      | Found a broken altar of Ashenzari.
  2270 | D:2      | Found a shimmering altar of Xom.
  2271 | D:2      | Found a snail-covered altar of Cheibriados.
  2274 | D:2      | Found a white marble altar of Elyvilon.
  2689 | D:3      | Reached XP level 5. HP: 53/53 MP: 6/9
  3979 | D:4      | Reached XP level 6. HP: 61/63 MP: 4/10
  4147 | D:4      | Reached skill level 5 in Fighting
  4184 | D:4      | Found a sand-covered staircase.
  4189 | Ossuary  | Entered an ossuary
  4512 | Ossuary  | Reached XP level 7. HP: 75/75 MP: 8/11
  5585 | D:4      | Found a shimmering blue altar of Sif Muna.
  6126 | D:5      | Entered Level 5 of the Dungeon
  6216 | D:5      | Reached XP level 8. HP: 84/84 MP: 7/12
  6360 | D:5      | Found a staircase to the Ecumenical Temple.
  6369 | Temple   | Entered the Ecumenical Temple
  6507 | Temple   | Became a worshipper of Warmaster Okawaru
  6850 | D:5      | Reached skill level 1 in Invocations
  7461 | D:5      | Found Verud's Book Emporium.
  7822 | D:6      | Found a shadowy altar of Dithmenos.
  8435 | D:6      | Reached * piety under Okawaru
  8643 | D:6      | Reached skill level 5 in Throwing
  8643 | D:6      | Reached XP level 9. HP: 77/96 MP: 6/13
  8732 | D:6      | Found a radiant altar of Vehumet.
  8781 | D:6      | Reached skill level 1 in Evocations
  8896 | D:7      | Reached skill level 1 in Shields
  9126 | D:7      | Reached skill level 2 in Shields
  9480 | D:7      | Reached skill level 3 in Shields
  9702 | D:7      | Reached skill level 4 in Shields
 10337 | D:8      | Noticed Pikel
 10380 | D:7      | Killed Pikel
 10380 | D:7      | Reached ** piety under Okawaru
 10380 | D:7      | Reached skill level 6 in Shields
 10903 | D:8      | Reached skill level 7 in Shields
 11250 | D:8      | Reached XP level 10. HP: 89/104 MP: 14/14
 11489 | D:8      | Found a glowing golden altar of the Shining One.
 11793 | D:9      | Found a bloodstained altar of Trog.
 12424 | D:9      | Reached skill level 8 in Shields
 12593 | D:9      | Found a staircase to the Orcish Mines.
 13419 | D:10     | Entered Level 10 of the Dungeon
 13602 | D:10     | Reached *** piety under Okawaru
 13602 | D:10     | Reached skill level 9 in Shields
 13735 | D:10     | Noticed a red ugly thing
 13759 | D:10     | Slain by a red ugly thing

Illustrated notes

Levels and vault maps discovered:
D:1:      tarquinn_simple_flora_water_e, layout_loops_ring, minmay_tetromino_l4
D:2:      kennysheep_the_goblin_king, layout_rooms, minitemple,
          grunt_ministairs_13
D:3:      layout_loops_ring, serial_rivers, chequers_serial_rivers_micro_b,
          chequers_serial_rivers_large_a, chequers_serial_rivers_micro_c,
          chequers_serial_rivers_micro_b, chequers_serial_rivers_room_a,
          chequers_serial_rivers_micro_e, guppyfry_early_orc_mine
D:4:      layout_basic, enter_ossuary_5, led_sif_pool
D:5:      layout_loops_ring, minmay_temple_entry_slanted, serial_shops, shop
D:6:      layout_loops_corners, kennysheep_mini_moat,
          nicolae_overflow_crystal_walls
D:7:      layout_basic, hex_intersection
D:8:      layout_rooms, grunt_decor_cap, tso_altar, uniq_pikel
D:9:      layout_basic, david_orc_1_choice, basic_altar
D:10:     layout_rooms, lair_entry_dummy, gammafunk_ghost_split
Temple:   hc_temple_tempest_star

Skill      XL: |  1  2  3  4  5  6  7  8  9 10 |
---------------+-------------------------------+-----
Dodging        | 2 3 4 |  4.0
Conjurations   | 4 |  4.0
Spellcasting   | 3 |  3.0
Stealth        | 2 |  2.0
Fighting       | 2 3 4 6 8 |  8.3
Throwing       | 1 2 3 4 5 |  5.0
Maces & Flails | 1 2 3 4 |  4.0
Invocations    | 3 |  3.0
Evocations     | 1 |  1.0
Shields        | 7 9 |  9.0

Action                   |  1- 3 |  4- 6 |  7- 9 | 10-12 || total
-------------------------+-------+-------+-------+-------++-------
Melee: Whip              |     2 |    17 |    53 |    72 ||   144
       Flail             |       |    20 |   104 |       ||   124
Throw: Stone             |     3 |    36 |   180 |    46 ||   265
       Dart              |       |     1 |     9 |    10 ||    20
       Boomerang         |       |       |     2 |       ||     2
 Cast: Magic Dart        |    64 |    49 |     1 |       ||   114
       Searing Ray       |     6 |    23 |    65 |    16 ||   110
Invok: Heroism           |       |       |     1 |     2 ||     3
  Use: Scroll            |     8 |     3 |    11 |     5 ||    27
       Potion            |       |       |       |     2 ||     2
 Stab: Sleeping          |       |     2 |     2 |       ||     4
       Invisible         |       |       |       |     1 ||     1
Armor: Robe              |     1 |    14 |    56 |    11 ||    82
Dodge: Dodged            |     2 |    15 |    98 |    21 ||   136
Block: Kite shield       |       |       |    70 |    57 ||   127
       Reflection        |       |       |       |     6 ||     6

Table legend: (Time is in decaauts)
 A = Elapsed time spent in this place.
 B = Non-inter-level travel time spent in this place.
 C = Inter-level travel time spent in this place.
 D = Time resting spent in this place.
 E = Time spent auto-exploring this place.
 F = Levels seen in this place.
 G = Mean time per level.
                   A        B        C        D        E       F      G
               +--------+--------+--------+--------+--------+-----+--------+
         Total |  13806 |  12643 |   1163 |     16 |  10604 |  12 | 1150.5 |
       Dungeon |  12905 |  11766 |   1139 |     16 |   9908 |  10 | 1290.5 |
        Temple |    180 |    157 |     23 |      0 |    155 |   1 |  180.0 |
       Ossuary |    720 |    720 |      0 |      0 |    541 |   1 |  720.0 |
               +--------+--------+--------+--------+--------+-----+--------+

Top non-repeatable levels by time:
     D:9: 1940 daAuts
     D:4: 1638 daAuts
     D:7: 1542 daAuts
     D:3: 1381 daAuts
     D:5: 1340 daAuts
     D:6: 1260 daAuts
     D:1: 1256 daAuts
     D:2: 1226 daAuts
     D:8: 1117 daAuts
 Ossuary: 720 daAuts
    D:10: 203 daAuts
  Temple: 180 daAuts
